AoeStats
← ERIKXG20

MegaRandom

510415934Analyzed
4v4 RM · 1d ago on Sep 30, 2026· 17m 59s· 8 players
Game mode
Random Map
Map size
Large (8 player)
Population
200
Speed
Normal
Resources
Standard
Victory
Conquest
Starting age
Dark Age
Ending age
Imperial Age
RankedLock teamsTeams togetherTeam positionsShared explorationLock speedFull tech treeHidden civsTurbo modeCheats
Victory
Defeat
🇬🇹 Huns · Guatemala
973
+17
🇨🇴 Maya · Colombia
965
+17
🇨🇴 Mongols · Colombia
927
+18
🇲🇽 Goths · Mexico
914
+19
🇬🇧 Japanese · United Kingdom
1074
-22
🇨🇱 Romans · Chile
1050
-20
🇪🇸 Bengalis · Spain
938
-16
🇩🇪 Lithuanians · Germany
872
-13
ERIKXG20
2:55 Loom
11:40 Feudal Age
12:33 Double-Bit Axe
Knog502
10:44 Feudal Age
11:13 Double-Bit Axe
11:16 Horse Collar
16:39 Loom
17:57 Bloodlines
Ryukuro-Tsubarashi
0:42 Loom
11:00 Feudal Age
11:36 Double-Bit Axe
15:42 Castle Age
Lancelot_
6:57 Loom
11:56 Feudal Age
12:53 Double-Bit Axe
Neuronians
0:28 Loom
18:45 Feudal Age
House of Bebu
12:31 Feudal Age
10:48 Loom
16:54 Castle Age
14:51 Double-Bit Axe
15:34 Horse Collar
18:11 Bow Saw
Karthusxx
6:53 Loom
12:03 Feudal Age
17:04 Double-Bit Axe
Lerny
11:12 Feudal Age
13:20 Loom
16:04 Castle Age
Connection lost

Rejoining the realm…

Still unreachable

The connection could not be restored.

Session expired

The server has moved on; the page needs a fresh start.